Map: Deathaura LE

Players

Armani

  • Race: Zerg Zerg
  • League: Master
  • Spawn Location: 11:00

Trap - Winner!

  • Race: Protoss Protoss
  • League: Master
  • Spawn Location: 5:00

Event: War Chest Team League

VOD

Have the link to the VOD?

Description

Time

  • Played on: July 24, 2020, 7:46 a.m.
  • Length: 15:28
Show
View Real Time Build Order
Export as new Build Order

Armani Zerg 

Build Orders: Hatch First 

Get SALT Encoding   

  12  0:00  Drone  
  13  0:12  Overlord  
  13  0:17  Drone  
  14  0:31  Drone x2  
  16  0:48  Drone  
  17  0:56  Hatchery  
  16  0:58  Drone  
  16  1:00  Drone  
  18  1:10  Extractor  
  17  1:14  Spawning Pool  
  17  1:17  Drone  
  17  1:21  Drone  
  18  1:29  Drone  
  19  1:39  Drone  
  20  1:49  Drone  
  21  2:01  Zergling x2  
  22  2:07  Queen  
  24  2:09  Queen  
  24  2:10  Overlord  
  24  2:12  Metabolic Boost  
  26  2:17  Drone  
  26  2:19  Drone  
  28  2:32  Hatchery  
  28  2:36  Drone  
  28  2:37  Drone  
  28  2:39  Drone  
  30  2:45  Drone  
  30  2:48  Queen  
  33  2:54  Overlord  
  33  2:56  Drone  
  34  2:59  Drone  
  34  3:03  Drone  
  36  3:14  Drone x2  
  36  3:17  Drone x2  
  36  3:19  Zergling x2  
  41  3:23  Overlord, Spore Crawler  
  41  3:26  Queen  
  42  3:29  Overlord  
  42  3:38  Drone  
  42  3:39  Drone  
  44  3:44  Queen  
  46  3:49  Drone x5  
  46  3:50  Drone x2  
  46  3:52  Drone  
  54  4:00  Roach Warren  
  53  4:05  Zergling x2  
  53  4:06  Zergling x8  
  53  4:08  Overlord  
  58  4:12  Spore Crawler  
  58  4:14  Spore Crawler  
  58  4:16  Drone  
  57  4:18  Zergling x2  
  58  4:24  Zergling x6  
  58  4:25  Overlord  
  58  4:28  Drone  
  58  4:29  Drone  
  58  4:30  Drone  
  64  4:33  Lair  
  64  4:37  Drone x3  
  67  4:39  Overlord  
  67  4:40  Drone  
  68  4:45  Drone  
  68  4:48  Drone  
  69  4:55  Zergling x12  
  69  4:56  Drone  
  69  4:57  Drone  
  77  5:03  Extractor, Roach x3  
  77  5:04  Extractor  
  77  5:05  Roach  
  82  5:07  Overlord  
  82  5:10  Overlord  
  82  5:14  Drone  
  82  5:21  Drone x2  
  82  5:25  Evolution Chamber  
  82  5:29  Roach x4  
  82  5:32  Overseer  
  82  5:35  Drone  
  91  5:36  Drone  
  91  5:37  Overlord  
  91  5:40  Overseer  
  91  5:41  Drone x4  
  96  5:43  Overlord  
  96  5:46  Extractor  
  96  5:47  Extractor, Roach  
  96  5:48  Overlord x2  
  96  5:51  Overlord  
  96  5:55  Overlord  
  94  5:58  Drone  
  94  6:01  Drone x2  
  94  6:03  Drone  
  96  6:04  Zerg Melee Weapons Level 1, Drone  
  96  6:05  Drone  
  96  6:11  Overlord  
  96  6:17  Drone x2  
  96  6:18  Drone  
  99  6:19  Roach x2  
  99  6:21  Drone  
  99  6:25  Overlord  
  104  6:29  Overlord  
  104  6:30  Overlord  
  102  6:33  Glial Reconstitution  
  102  6:34  Hatchery  
  102  6:36  Drone  
  102  6:41  Roach x6  
  102  6:43  Overlord  
  102  6:46  Drone  
  102  6:47  Drone x3  
  115  6:53  Baneling Nest  
  115  6:54  Overlord  
  115  6:57  Overlord  
  115  6:58  Overseer  
  115  7:00  Ravager  
  115  7:01  Ravager x2, Roach  
  118  7:05  Zergling x2, Roach x2  
  118  7:06  Zergling x4  
  118  7:07  Zergling x2  
  128  7:14  Drone x4  
  130  7:16  Ravager  
  130  7:17  Ravager  
  130  7:18  Extractor  
  130  7:21  Ravager  
  132  7:27  Zergling x2  
  132  7:28  Zergling x12  
  138  7:31  Overlord, Ravager  
  138  7:32  Ravager  
  138  7:35  Roach  
  140  7:37  Overlord  
  140  7:38  Overlord  
  140  7:39  Overlord  
  140  7:41  Baneling x4  
  140  7:43  Baneling  
  140  7:44  Overlord  
  140  7:48  Zergling x12, Roach Warren  
  145  7:56  Ravager x2  
  143  8:07  Drone x8  
  149  8:13  Spire, Pneumatized Carapace  
  149  8:14  Drone x7  
  149  8:18  Queen  
  157  8:21  Drone  
  158  8:28  Ravager x3  
  158  8:31  Extractor, Drone  
  158  8:32  Zergling x16  
  158  8:33  Evolution Chamber  
  168  8:34  Drone  
  168  8:36  Extractor  
  168  8:37  Drone x2  
  168  8:38  Drone  
  168  8:40  Drone  
  169  8:41  Spore Crawler  
  169  8:46  Overseer  
  169  8:48  Zerg Melee Weapons Level 2  
  168  8:53  Centrifical Hooks  
  168  8:55  Zergling x20  
  178  8:57  Drone  
  178  9:01  Zerg Ground Armor Level 1  
  179  9:14  Drone x2  
  179  9:16  Zergling x10, Spore Crawler  
  179  9:17  Zergling x16  
  190  9:18  Zergling x4  
  190  9:19  Spore Crawler  
  190  9:23  Drone  
  192  9:25  Baneling x9, Infestation Pit  
  192  9:28  Zerg Flyer Weapons Level 1  
  192  9:30  Baneling  
  186  9:39  Hatchery  
  186  9:41  Baneling x4, Corruptor x2  
  187  9:46  Corruptor  
  189  9:53  Corruptor x3  
  194  10:03  Corruptor  
  194  10:04  Corruptor  
  194  10:06  Corruptor  
  198  10:08  Zergling x6  
  196  10:21  Baneling x12  
  194  10:29  Overseer  
  194  10:31  Zergling x12  
  194  10:35  Hive  
  185  10:44  Zergling x32  
  186  10:53  Zergling x2  
  186  10:54  Zergling x24  
  186  10:55  Baneling x4  
  199  10:57  Baneling x6  
  199  10:58  Baneling  
  136  11:18  Roach x6  
  136  11:19  Roach x2  
  136  11:21  Zergling x2  
  136  11:22  Zergling x22  
  136  11:25  Drone  
  162  11:27  Roach x2  
  162  11:28  Zerg Missile Weapons Level 1  
  163  11:35  Zerg Ground Armor Level 2  
  163  11:43  Drone x2  
  163  11:44  Spine Crawler, Drone  
  163  11:49  Corruptor x4  
  165  11:58  Corruptor x3  
  165  12:01  Ravager x3  
  174  12:04  Zergling x8  
  174  12:05  Zergling x2  
  173  12:12  Corruptor x2  
  175  12:18  Zergling x2  
  175  12:19  Zergling x14, Overlord  
  183  12:23  Drone x3  
  186  12:34  Baneling x18  
  186  12:35  Baneling x2  
  186  12:44  Drone  
  186  12:45  Extractor  
  186  12:48  Corruptor x2  
  186  12:51  Zergling x18  
  198  12:54  Baneling x8  
  196  12:58  Drone x2  
  196  13:01  Overseer  
  196  13:02  Overseer  
  196  13:03  Overseer  
  196  13:04  Overseer  
  194  13:12  Drone x3  
  193  13:13  Drone  
  194  13:25  Spine Crawler x2  
  194  13:26  Extractor  
  191  13:35  Hatchery  
  186  13:51  Hatchery  
  183  13:57  Zergling x32  
  183  14:01  Overlord  
  185  14:25  Zergling x24  
  185  14:27  Ultralisk Cavern  
  185  14:31  Overlord x2  
  197  14:34  Overseer x2  
  182  14:47  Baneling x11  
  182  14:48  Baneling x2  
  182  14:50  Baneling  
  182  14:52  Baneling x23  
  182  14:53  Zergling x16  
  182  14:54  Zergling x10  
Show
View Real Time Build Order
Export as new Build Order

Trap Protoss - Winner!

Build Orders: 1 Gate Expand, Zealot Archon, Archon Drop, Dark Templar Rush 

Get SALT Encoding   

  12  0:00  Probe  
  13  0:12  Pylon  
  13  0:13  Probe  
  14  0:21  Probe  
  15  0:31  Probe  
  16  0:39  Gateway  
  16  0:43  Probe  
  16  0:48  Assimilator  
  17  0:55  Probe  
  18  1:07  Probe  
  19  1:20  Probe  
  20  1:25  Nexus  
  20  1:34  Cybernetics Core  
  20  1:36  Probe  
  21  1:44  Assimilator  
  21  1:48  Probe  
  21  1:52  Pylon  
  22  2:00  Stalker, Probe  
  23  2:09  Probe  
  23  2:10  Warp Gate  
  26  2:17  Probe  
  27  2:24  Twilight Council  
  27  2:27  Probe  
  28  2:32  Adept  
  28  2:33  Probe  
  30  2:39  Probe  
  30  2:41  Probe  
  32  2:49  Robotics Facility  
  33  2:51  Probe  
  33  2:55  Probe  
  35  3:03  Probe  
  38  3:07  Probe  
  37  3:13  Dark Shrine  
  37  3:17  Adept  
  37  3:18  Probe  
  37  3:19  Probe  
  41  3:25  Gateway  
  41  3:28  Warp Prism  
  41  3:30  Gateway  
  43  3:43  Probe x2  
  43  3:47  Pylon  
  45  3:55  Pylon, Probe  
  46  4:00  Assimilator  
  46  4:01  Assimilator  
  46  4:05  Pylon, Probe  
  46  4:07  Probe  
  48  4:17  Probe  
  48  4:19  Probe  
  50  4:29  Probe  
  51  4:31  Probe  
  51  4:35  Dark Templar x3  
  51  4:38  Pylon  
  58  4:40  Pylon  
  58  4:47  Probe x2  
  60  5:05  Nexus  
  60  5:08  Shield Battery  
  60  5:11  Dark Templar  
  60  5:12  Dark Templar  
  63  5:14  Probe x2, Observer  
  63  5:16  Archon, Zealot  
  63  5:17  Archon  
  63  5:19  Pylon  
  63  5:20  Pylon  
  65  5:23  Immortal, Blink  
  65  5:26  Probe x2  
  68  5:37  Stalker  
  74  5:49  Probe x2  
  76  5:50  Gateway  
  76  5:52  Gateway  
  76  6:00  Gateway  
  76  6:01  Sentry x2  
  76  6:02  Sentry, Gateway  
  76  6:03  Immortal  
  82  6:06  Probe  
  87  6:21  Forge  
  87  6:23  Probe x2  
  87  6:24  Probe  
  90  6:30  Protoss Ground Weapons Level 1  
  89  6:34  Stalker  
  89  6:35  Sentry x2  
  95  6:40  Probe x2  
  95  6:41  Probe  
  95  6:42  Pylon  
  95  6:44  Pylon  
  98  6:49  Stalker x2  
  98  6:52  Pylon  
  102  6:54  Probe x2  
  102  6:55  Probe  
  102  6:58  Zealot  
  107  7:06  Probe x2  
  107  7:07  Probe  
  110  7:09  Pylon  
  110  7:11  Pylon  
  110  7:19  Photon Cannon  
  110  7:23  Stalker x3  
  110  7:24  Stalker x2  
  120  7:30  Stalker x2  
  120  7:34  Assimilator  
  120  7:35  Assimilator  
  122  7:43  Robotics Bay  
  122  7:44  Probe x2  
  122  7:45  Probe  
  122  7:46  Pylon  
  124  7:58  Probe x3  
  124  7:59  Stalker x3  
  124  8:00  Stalker x2  
  137  8:07  Pylon  
  137  8:10  Protoss Ground Weapons Level 2  
  137  8:16  Colossus  
  137  8:20  Stalker x2  
  137  8:25  Pylon  
  137  8:26  Photon Cannon, Pylon x2  
  147  8:39  Dark Templar  
  147  8:40  Dark Templar  
  149  8:46  Photon Cannon  
  149  8:50  Photon Cannon  
  149  8:53  Extended Thermal Lance  
  149  8:55  Colossus  
  149  8:56  Nexus  
  149  9:01  Pylon  
  151  9:20  Shield Battery  
  151  9:21  Shield Battery x2  
  151  9:23  Stalker x3  
  157  9:29  Photon Cannon  
  157  9:32  Photon Cannon  
  157  9:35  Colossus  
  157  9:46  Zealot x4  
  157  9:47  Zealot  
  173  9:55  Pylon  
  171  10:11  Stalker x6  
  179  10:21  Photon Cannon  
  179  10:25  Dark Templar  
  179  10:27  Colossus  
  181  10:34  Sentry x4  
  181  10:35  Sentry  
  195  10:40  Protoss Ground Weapons Level 3  
  179  10:50  Stalker  
  165  11:05  Stalker x2  
  165  11:06  Stalker x4, Colossus  
  123  11:22  Gateway  
  123  11:25  Gateway  
  121  11:26  Gateway  
  121  11:29  Charge  
  117  11:36  Zealot x7  
  129  11:45  Assimilator  
  129  11:47  Assimilator  
  129  11:48  Colossus  
  129  11:50  Probe x4  
  124  11:59  Stalker  
  127  12:15  Templar Archives  
  125  12:18  Probe x3  
  125  12:19  Probe  
  125  12:21  Dark Templar x2  
  129  12:28  Sentry x2, Zealot x3  
  139  12:32  Stalker  
  139  12:34  Stalker  
  140  13:00  Immortal  
  140  13:04  Dark Templar x4  
  146  13:06  Photon Cannon  
  146  13:07  Photon Cannon  
  146  13:08  Shield Battery  
  146  13:09  Shield Battery  
  148  13:13  Archon x2  
  148  13:17  Dark Templar x2  
  152  13:25  Archon  
  152  13:27  Stalker x3  
  152  13:29  Stalker  
  152  13:32  Observer  
  160  13:37  Stalker x2  
  165  13:55  Photon Cannon  
  163  14:06  Dark Templar x4  
  163  14:15  Archon x2  
  163  14:17  Immortal, Dark Templar x2  
  163  14:21  Zealot  
  163  14:22  Zealot x3  
  163  14:24  Archon  
  170  14:42  Stalker x5  
  170  14:45  Stalker x3  
  174  15:02  Stalker x3  
  174  15:03  Stalker x2  
  174  15:05  Stalker  
  158  15:11  Probe  
  121  15:15  Probe x3  
Tags
 
Add a new tag
Caveats
  • Supply blocks, unpowered buildings, or Contaminate may cause inaccurate times.
  • Supply counts are checked every 10 seconds.